AoeStats
← 小白

Arabia

506355679Analyzed
4v4 RM · 20d ago on Sep 13, 2026· 31m 6s· 8 players
Game mode
Random Map
Map size
Large (8 player)
Population
200
Speed
Normal
Resources
Standard
Victory
Conquest
Starting age
Dark Age
Ending age
Imperial Age
RankedLock teamsTeams togetherTeam positionsShared explorationLock speedFull tech treeHidden civsTurbo modeCheats
Victory
Defeat
🇩🇪 Ethiopians · Germany
1820
+15
🇭🇰 Khitans · Hong Kong SAR China
1756
+18
🇩🇪 Persians · Germany
1690
+20
🇹🇼 Khmer · Taiwan
1664
+21
🇹🇼 Britons · Taiwan
1922
-23
🇹🇼 Khmer · Taiwan
1865
-22
🇹🇼 Shu · Taiwan
1754
-17
🇹🇼 Magyars · Taiwan
1628
-12
Random Civ Pocket
6:42 Loom
8:52 Feudal Age
9:46 Double-Bit Axe
10:21 Domestication
17:22 Forging
19:01 Scale Barding Armor
24:18 Castle Age
24:35 Light Cavalry
27:14 Bow Saw
30:24 Iron Casting
31:12 Chain Barding Armor
Valle
6:25 Loom
9:24 Feudal Age
10:54 Double-Bit Axe
12:53 Fletching
22:47 Castle Age
21:01 Horse Collar
21:43 Padded Archer Armor
21:54 Gold Mining
23:29 Bodkin Arrow
22:54 Crossbowman
24:45 Ballistics
29:00 Wheelbarrow
28:50 Bow Saw
30:35 Thumb Ring
[GER] Paeco
5:05 Loom
20:54 Feudal Age
27:25 Double-Bit Axe
29:41 Horse Collar
Wuyen
6:33 Loom
8:50 Feudal Age
9:04 Loom
11:09 Double-Bit Axe
12:24 Horse Collar
17:34 Scale Barding Armor
19:26 Bloodlines
21:15 Forging
25:30 Castle Age
25:49 Wheelbarrow
26:56 Chain Barding Armor
25:57 Light Cavalry
26:38 Husbandry
28:30 Iron Casting
28:45 Bow Saw
28:39 Heavy Plow
小蜜蜂
5:56 Loom
11:31 Feudal Age
16:18 Double-Bit Axe
散步小鵝
6:25 Loom
8:55 Feudal Age
9:51 Double-Bit Axe
16:44 Scale Barding Armor
小白
8:50 Feudal Age
9:22 Double-Bit Axe
13:13 Loom
13:32 Horse Collar
14:14 Bloodlines
16:19 Scale Barding Armor
19:36 Forging
22:13 Wheelbarrow
21:47 Gold Mining
25:39 Castle Age
25:42 Light Cavalry
26:22 Husbandry
26:43 Chain Barding Armor
老天鵝
4:58 Loom
9:37 Feudal Age
14:39 Fletching
26:58 Castle Age
27:38 Bodkin Arrow
27:04 Crossbowman
Connection lost

Rejoining the realm…

Still unreachable

The connection could not be restored.

Session expired

The server has moved on; the page needs a fresh start.